Map: Eastwatch LE

Players

ShoWTimE - Winner!

  • Race: Protoss Protoss
  • Spawn Location: 1:00

Nerchio

  • Race: Zerg Zerg
  • Spawn Location: 7:00

Event: WESG 2017 Haikou

VOD

Have the link to the VOD?

Description

Time

  • Played on: March 16, 2018, 4:29 a.m.
  • Length: 9:52

All games in this series

Show
View Real Time Build Order
Export as new Build Order

ShoWTimE Protoss - Winner!

Build Orders: 1 Gate Expand, Oracle Opening, Phoenix Opening 

Get SALT Encoding   

  12  0:00  Probe  
  13  0:12  Probe  
  14  0:19  Pylon  
  14  0:25  Probe  
  15  0:37  Probe (Chrono Boost)  
  15  0:40  Gateway  
  16  0:49  Probe (Chrono Boost), Assimilator  
  17  0:55  Probe (Chrono Boost)  
  18  1:04  Probe  
  19  1:16  Probe  
  20  1:29  Nexus  
  20  1:37  Cybernetics Core  
  20  1:39  Probe  
  21  1:45  Assimilator  
  21  1:51  Probe  
  22  1:56  Pylon  
  22  2:03  Probe  
  23  2:12  Adept (Chrono Boost)  
  25  2:16  Probe  
  25  2:20  Stargate  
  26  2:25  Warp Gate  
  26  2:28  Probe  
  27  2:31  Adept  
  29  2:41  Probe (Chrono Boost)  
  31  2:45  Probe (Chrono Boost)  
  31  2:50  Probe (Chrono Boost)  
  32  2:54  Probe (Chrono Boost)  
  32  2:55  Probe (Chrono Boost)  
  34  3:02  Phoenix (Chrono Boost)  
  34  3:04  Probe  
  37  3:07  Probe  
  38  3:13  Pylon  
  38  3:16  Probe  
  38  3:17  Oracle (Chrono Boost)  
  38  3:19  Probe  
  43  3:27  Gateway  
  43  3:31  Assimilator  
  43  3:32  Probe  
  43  3:33  Probe  
  45  3:38  Assimilator  
  45  3:44  Probe  
  45  3:45  Probe  
  45  3:47  Oracle  
  50  3:52  Pylon  
  50  3:56  Probe  
  50  3:57  Probe  
  52  4:08  Probe, Stargate  
  52  4:09  Probe  
  54  4:20  Probe  
  54  4:21  Oracle (Chrono Boost), Probe  
  56  4:30  Pylon  
  59  4:32  Probe  
  59  4:34  Probe  
  61  4:45  Probe, Pylon  
  62  4:48  Zealot x2, Probe  
  62  4:50  Oracle (Chrono Boost)  
  69  5:01  Oracle (Chrono Boost)  
  69  5:05  Pylon  
  72  5:09  Probe  
  72  5:10  Probe  
  73  5:14  Adept x2  
  73  5:17  Pylon  
  77  5:24  Pylon  
  77  5:27  Nexus  
  80  5:29  Probe x2  
  80  5:31  Oracle (Chrono Boost)  
  82  5:39  Oracle (Chrono Boost)  
  85  5:45  Probe  
  85  5:46  Forge, Twilight Council  
  85  5:47  Probe  
  87  5:53  Pylon  
  87  5:57  Probe  
  88  6:00  Void Ray (Chrono Boost)  
  92  6:05  Void Ray (Chrono Boost)  
  92  6:11  Probe x2  
  98  6:18  Robotics Facility  
  98  6:20  Pylon  
  98  6:23  Probe  
  98  6:25  Sentry x2  
  103  6:31  Shield Battery  
  103  6:43  Gateway  
  94  6:50  Zealot, Sentry  
  74  7:04  Immortal (Chrono Boost)  
  62  7:12  Zealot  
  62  7:15  Probe x3  
  62  7:22  Zealot  
  51  7:50  Zealot  
  52  8:08  Probe x2  
  51  8:20  Probe x2  
  53  8:32  Probe  
  54  8:41  Pylon  
  54  8:48  Adept  
  54  8:53  Probe  
  57  9:10  Adept  
  57  9:11  Probe x2  
  61  9:23  Probe x2  
  57  9:35  Probe (Chrono Boost)  
  57  9:37  Probe (Chrono Boost)  
Show
View Real Time Build Order
Export as new Build Order

Nerchio Zerg 

Build Orders: Hatch First 

Get SALT Encoding   

  12  0:00  Drone  
  13  0:12  Overlord  
  13  0:17  Drone  
  14  0:30  Drone x2  
  14  0:34  Drone  
  17  0:53  Hatchery  
  17  0:55  Drone  
  17  0:59  Drone  
  18  1:09  Extractor  
  17  1:14  Spawning Pool  
  17  1:17  Drone  
  17  1:21  Drone  
  18  1:28  Drone  
  19  1:39  Overlord  
  19  1:49  Drone  
  20  2:00  Queen  
  23  2:01  Zergling x2  
  23  2:05  Zergling x2, Queen  
  26  2:10  Metabolic Boost  
  26  2:12  Drone  
  27  2:16  Drone  
  27  2:22  Drone  
  29  2:27  Drone  
  30  2:39  Hatchery  
  30  2:41  Zergling x2  
  30  2:44  Zergling x2  
  30  2:46  Zergling x2  
  30  2:51  Overlord  
  32  2:58  Queen  
  32  3:01  Drone  
  32  3:02  Drone  
  36  3:11  Drone x4  
  36  3:12  Drone  
  41  3:14  Drone  
  42  3:23  Overlord  
  42  3:24  Drone x2  
  44  3:32  Overlord  
  44  3:36  Overlord  
  44  3:42  Extractor  
  44  3:44  Drone  
  44  3:45  Spore Crawler  
  43  3:50  Queen  
  43  3:53  Drone x3  
  43  3:55  Drone x3  
  51  3:57  Drone  
  51  3:58  Spore Crawler  
  51  3:59  Drone  
  51  4:01  Drone  
  53  4:03  Drone  
  53  4:08  Roach Warren  
  53  4:09  Drone  
  54  4:18  Lair  
  53  4:25  Drone  
  53  4:26  Drone x6  
  60  4:31  Queen  
  60  4:32  Overlord  
  60  4:35  Overlord  
  62  4:41  Spore Crawler  
  62  4:45  Extractor  
  60  4:48  Overlord  
  60  4:49  Roach x3  
  66  4:53  Roach x2  
  66  4:58  Overlord  
  69  5:01  Drone x3  
  69  5:02  Extractor  
  69  5:03  Roach  
  69  5:05  Overlord  
  73  5:11  Overlord  
  70  5:15  Glial Reconstitution  
  70  5:16  Roach x2  
  70  5:19  Roach  
  76  5:22  Roach x2  
  76  5:24  Roach  
  76  5:26  Roach  
  84  5:40  Drone x2  
  84  5:42  Roach x5  
  93  5:43  Roach  
  93  5:45  Roach  
  93  5:47  Zergling x2  
  93  5:49  Zergling x4  
  100  5:51  Zergling x2  
  100  5:53  Zergling x2  
  102  5:57  Zergling x6  
  102  6:02  Zergling x2  
  102  6:03  Zergling x6  
  109  6:04  Zergling x2  
  109  6:05  Zergling x2  
  111  6:14  Overlord  
  111  6:15  Overlord  
  111  6:25  Hydralisk Den, Spore Crawler  
  110  6:26  Zergling x10  
  110  6:27  Overlord  
  114  6:33  Spore Crawler x2  
  114  6:34  Zergling x4  
  114  6:37  Zergling x4  
  106  6:41  Spore Crawler  
  106  6:46  Zergling x2  
  96  6:47  Zergling x4  
  96  6:48  Zergling x2  
  96  6:49  Zergling x2  
  94  6:59  Zergling x2  
  94  7:00  Zergling x10  
  93  7:07  Drone  
  93  7:08  Drone x2  
  82  7:11  Drone  
  72  7:31  Drone x5  
  72  7:32  Drone  
  72  7:36  Drone  
  74  7:43  Drone  
  74  7:44  Drone  
  69  7:51  Drone x2  
  65  7:59  Spore Crawler  
  65  8:01  Spore Crawler  
  65  8:04  Drone x2  
  54  8:11  Zergling x2  
  54  8:12  Zergling x6  
  58  8:15  Hydralisk  
  58  8:18  Spore Crawler  
  51  8:20  Hydralisk  
  51  8:24  Hydralisk  
  55  8:29  Hydralisk  
  55  8:30  Hydralisk  
  59  8:35  Hydralisk  
  59  8:37  Hydralisk  
  59  8:41  Hydralisk  
  62  8:43  Hydralisk  
  62  8:47  Hydralisk  
  67  8:51  Spore Crawler  
  67  8:54  Hydralisk  
  68  9:03  Hydralisk  
  68  9:08  Hydralisk  
  72  9:13  Spore Crawler  
  64  9:18  Hydralisk  
  64  9:23  Hydralisk  
  49  9:31  Drone x3  
  40  9:33  Zergling x2  
Tags
 
Add a new tag
Caveats
  • Supply blocks, unpowered buildings, or Contaminate may cause inaccurate times.
  • Supply counts are checked every 10 seconds.